 Dungeon Crawl Stone Soup version 0.30-a0-1124-g6e8f0f562f (webtiles) character file.

Game seed: 13586505612726172064

36551 dolemite99 the Spear-Bearer (level 13, -6/109 HPs)
             Began as a Merfolk Cinder Acolyte on Apr 23, 2023.
             Was a Believer of Ignis.
             Mangled by a skyshark (18 damage)
             ... on level 5 of the Lair of Beasts.
             The game lasted 00:24:20 (17020 turns).

dolemite99 the Spear-Bearer (MfCA)                 Turns: 17020, Time: 00:24:21

Health: -6/109     AC: 27    Str: 21    XL:     13   Next: 91%
Magic:  14/14      EV: 20    Int: 14    God:    Ignis [**....]
Gold:   983        SH:  0    Dex: 17    Spells: 14/14 levels left

rFire   + + .        a - +11 glaive of Scorn {venom, rF+ Will- Str+4}
rCold   . . .        (shield currently unavailable)
rNeg    . . .        p - +7 chain mail {ponderous}
rPois   .            (no helmet)
rElec   .            x - +2 cloak
rCorr   .            I - +2 pair of gloves
SInv    .            e - +2 pair of boots
Will    .....        w - amulet of magic regeneration Stlth
                     t - +6 ring of dexterity
HPRegen 0.38/turn    E - +5 ring of evasion
MPRegen 0.54/turn

%: no passive effects
@: on berserk cooldown, slowed, very slow
A: (nimble swimmer 2), mertail
a: Renounce Religion, Fiery Armour, Foxfire Swarm


You were on level 5 of the Lair of Beasts.
You worshipped Ignis.
Ignis was pleased with you.
You visited 2 branches of the dungeon, and saw 15 of its levels.

You collected 1073 gold pieces.
You spent 90 gold pieces at shops.

Inventory:

Hand Weapons
 a - the +11 glaive of Scorn (weapon) {venom, rF+ Will- Str+4}
   (You acquired it on level 5 of the Dungeon)

   Str:       It affects your strength (+4).
   rF:        It protects you from fire.
   Will:      It decreases your willpower.
 f - a -1 spear of flaming
 k - a +0 sling
 s - a +0 trident
 M - a +4 halberd of venom
 R - a +0 glaive
Missiles
 n - 22 poisoned darts
 u - a throwing net
 Q - 2 javelins
 S - 5 boomerangs (quivered)
Armour
 e - a +2 pair of boots (worn)
 p - a +7 chain mail of ponderousness (worn)
 x - a +2 cloak (worn)
 A - a +3 ring mail of fire resistance
 I - a +2 pair of gloves (worn)
Jewellery
 b - a ring of protection from cold
 h - a ring of protection from fire
 t - a +6 ring of dexterity (left hand)
 v - a ring of protection from fire
 w - an amulet of magic regeneration (around neck)
 E - a +5 ring of evasion (right hand)
Wands
 i - a wand of flame (72)
 y - a wand of paralysis (10)
 H - a wand of mindburst (5)
 K - a wand of roots (5)
Scrolls
 c - 3 scrolls of blinking
 g - a scroll of fear
 j - 3 scrolls of teleportation
 q - 3 scrolls of silence
 C - a scroll of poison
 D - 2 scrolls of magic mapping
 F - 2 scrolls of immolation
 L - a scroll of fog
Potions
 d - 3 potions of might
 l - a potion of brilliance
 o - 2 potions of lignification
 r - 3 potions of attraction
 B - 2 potions of ambrosia
 G - 2 potions of degeneration {unknown}
 J - a potion of haste
 N - a potion of magic
 O - a potion of invisibility
 P - 3 potions of flight {unknown}
 T - a potion of cancellation {unknown}
 V - a potion of heal wounds {unknown}


   Skills:
 - Level 12.7 Fighting
 - Level 14.5 Polearms
 + Level 10.3 Throwing
 - Level 7.5 Armour
 - Level 13.0 Dodging
 - Level 1.0 Spellcasting
 - Level 2.1 Fire Magic


You had 14 spell levels left.
You didn't know any spells.
Your spell library contained the following spells:

 Spells                   Type           Power      Damage    Failure   Level
 Scorch                   Fire           12%        2d6       67%         2
 Apportation              Tloc           0%         N/A       83%         1
 Freeze                   Ice            0%         1d3       83%         1
 Magic Dart               Conj           0%         1d3       83%         1
 Necrotise                Necr           0%         1d4       83%         1
 Summon Small Mammal      Summ           0%         N/A       83%         1
 Call Imp                 Summ           0%         N/A       92%         2
 Cigotuvi's Dreadful Rot  Necr/Pois/Air  0%         N/A       92%         2
 Ensorcelled Hibernation  Hex/Ice        0%         N/A       92%         2
 Lesser Beckoning         Tloc           0%         N/A       92%         2
 Passwall                 Tmut/Erth      0%         N/A       92%         2
 Frozen Ramparts          Ice            0%         1d1       99%         3
 Gell's Gravitas          Tloc           0%         N/A       99%         3
 Hailstorm                Conj/Ice       0%         3d3       99%         3
 Mephitic Cloud           Conj/Pois/Air  0%         N/A       99%         3
 Ozocubu's Armour         Ice            0%         N/A       99%         3
 Spider Form              Tmut/Pois      0%         N/A       99%         3
 Swiftness                Air            0%         N/A       99%         3
 Teleport Other           Tloc           0%         N/A       99%         3
 Vampiric Draining        Necr           0%         2d6       99%         3
 Anguish                  Hex/Necr       0%         N/A       100%        4
 Dispel Undead            Necr           0%         3d6       100%        4
 Flame Wave               Conj/Fire      3%         2d5       100%        4
 Ice Form                 Ice/Tmut       0%         N/A       100%        4
 Agony                    Necr           0%         N/A       100%        5
 Summon Forest            Summ/Tloc      0%         N/A       100%        5
 Summon Mana Viper        Hex/Summ       0%         N/A       100%        5
 Death Channel            Necr           0%         N/A       100%        6
 Simulacrum               Ice/Necr       0%         N/A       100%        6
 Summon Cactus Giant      Summ           0%         N/A       100%        6
 Ozocubu's Refrigeration  Ice            0%         4d7       100%        7


Dungeon Overview and Level Annotations

Branches:
Dungeon (10/15)            Temple (0/1) D:7            Lair (5/5) D:8
 Shoals (0/4) Lair:3       Spider (0/4) Lair:2        Slime (0/5) Lair:4
    Orc (0/2) D:9

Altars:
Cheibriados
Fedhas
Gozag
Hepliaklqana
Kikubaaqudgha
Qazlal
Wu Jian
Yredelemnul

Shops:
D:5 *

Annotations:
D:10 Josephine


Innate Abilities, Weirdness & Mutations

((You are very nimble when in or above water. (Stealth+, EV+, Speed+++)))
Your lower body shifts to a powerful aquatic tail in water.


Message History

The grasping roots constrict the blink frog.
You hear a loud, deep croak!
You hear a howl! x3
The blink frog hits the plant!
The blink frog blinks!
The skyshark completely misses you. The skyshark misses you.
The skyshark tail-slaps you but does no damage.
The blink frog misses you.
A bullfrog comes into view.
The skyshark bites you but does no damage.
The skyshark misses you.
The skyshark tail-slaps you but does no damage.
The blink frog hits you but does no damage.
You hit the skyshark.
The skyshark is poisoned.
The skyshark is lightly wounded.
The grasping roots constrict the skyshark!
The grasping roots constrict the blink frog.
The roots release their grip on the skyshark.
The roots release their grip on the blink frog.
A nearby plant withers and dies.
The blink frog hits you but does no damage.
The skyshark bites you.
The skyshark tastes blood and grows stronger!
The skyshark tail-slaps you. The skyshark completely misses you.
The blink frog hits you!
* * * LOW HITPOINT WARNING * * *
You slice the skyshark!!
The skyshark is heavily wounded.
The skyshark misses you. The skyshark completely misses you.
The skyshark closely misses you. The blink frog misses you.
The blink frog blinks!
The skyshark bites you!
* * * LOW HITPOINT WARNING * * *
The skyshark enters a blood-rage!
The skyshark tail-slaps you but does no damage. x2
The blink frog hits you.
* * * LOW HITPOINT WARNING * * *
A blink frog comes into view.
You slash the skyshark!
The skyshark is severely wounded.
You kill the tyrant leech!
The skyshark bites you!!
You die...

#).......#. ..~.
##...†........Py~
#.....D.$....F
##....w#F....#
#.#≈≈§≈#.....
#F.≈≈≈##F....
#.§≈≈≈≈§.P...
##.F≈.lF#.....
#P....@!......
#.........P...
##....F.......
#............
#....$.......
#............
#............
.............


You could see a skyshark (berserk, very poisoned), a cane toad, 4 blink frogs
and 2 bullfrogs.

Vanquished Creatures
  3 hydras
  A boulder beetle (Lair:3)
  2 skysharks
  5 elephants
  Joseph (D:7)
  5 centaur zombies (D:10)
  A black mamba (Lair:3)
  7 cane toads
  Maggie (D:7)
  5 komodo dragons
  2 rime drakes
  3 unseen horror zombies (D:10)
  2 trolls
  A tyrant leech (Lair:5)
  A polar bear (Lair:2)
  A snapping turtle (Lair:3)
  9 blink frogs
  A meliai zombie (D:10)
  A shadow (D:10)
  Sigmund (D:6)
  Eustachio (D:5)
  2 wyverns
  A wraith (D:9)
  4 vampire mosquitoes
  15 yaks
  3 basilisks
  Menkaure (D:6)
  A redback (Lair:2)
  14 water moccasins
  A sky beast (D:8)
  2 ice beasts (D:7)
  5 orc warriors
  A black bear (D:7)
  4 centaurs
  11 wolves
  5 ogres (D:9)
  3 phantoms
  4 kobold brigands (D:9)
  10 bullfrogs
  3 gnoll sergeants
  2 scorpions
  13 wights
  4 killer bees (D:7)
  5 electric eels
  3 howler monkeys (D:10)
  A lava snake (Lair:1)
  5 orc priests
  2 hounds (D:4)
  2 gnoll boudas (D:6)
  Crazy Yiuf (D:6)
  2 jellies
  3 iguanas
  8 orc wizards
  A mummy (D:5)
  2 howler monkey zombies (D:10)
  34 gnolls
  6 adders
  2 shadow imps
  2 white imps
  A worm (D:3)
  30 orcs
  9 endoplasms
  3 giant cockroaches
  10 goblins
  2 hobgoblins
  7 jackals (D:2)
  11 kobolds
  3 quokkas
  4 ball pythons
  7 bats
  6 frilled lizards
  A kobold zombie (D:5)
  An orc zombie (D:5)
  6 rats
343 creatures vanquished.

Vanquished Creatures (collateral kills)
  5 elephants (Lair:1)
  An electric eel (Lair:1)
  3 lava snakes (Lair:1)
9 creatures vanquished.

Vanquished Creatures (others)
  13 foxfires (Lair:3)
  18 fungi
  75 plants
106 creatures vanquished.

Grand Total: 458 creatures vanquished

Notes
Turn   | Place    | Note
-------+----------+-------------------------------------------
     0 | D:1      | dolemite99 the Merfolk Cinder Acolyte began the quest for
                  | the Orb.
     0 | D:1      | Reached XP level 1. HP: 18/18 MP: 2/2
   121 | D:1      | Reached XP level 2. HP: 24/24 MP: 3/3
   271 | D:1      | Found a faded altar of an unknown god.
   293 | D:1      | Reached skill level 5 in Polearms
   694 | D:1      | Reached XP level 3. HP: 15/29 MP: 4/4
  1119 | D:2      | Reached skill level 6 in Polearms
  1317 | D:2      | Reached XP level 4. HP: 32/35 MP: 5/5
  1822 | D:3      | Found an ancient bone altar of Kikubaaqudgha.
  1988 | D:3      | Reached skill level 7 in Polearms
  2580 | D:4      | Found a stormy altar of Qazlal.
  2624 | D:4      | Noticed a phantom
  2658 | D:4      | Killed a phantom
  2659 | D:4      | Reached skill level 8 in Polearms
  2659 | D:4      | Reached XP level 5. HP: 17/41 MP: 6/6
  2808 | D:4      | Reached XP level 6. HP: 25/47 MP: 7/7
  2860 | D:4      | Identified the +5 ring mail of Thoughtfulness {+Inv rElec
                  | rCorr Stlth+}
  3019 | D:4      | Identified the +2 pair of gloves of Inaction {rF+ Str+6
                  | Int-3}
  3100 | D:4      | Reached skill level 9 in Polearms
  3969 | D:5      | Entered Level 5 of the Dungeon
  4167 | D:5      | Noticed Eustachio
  4507 | D:5      | Identified a scroll of acquirement
  4507 | D:5      | Acquired the +11 glaive of Scorn {venom, rF+ Will- Str+4}
  4527 | D:5      | Killed Eustachio
  4528 | D:5      | Reached skill level 10 in Polearms
  4528 | D:5      | Reached XP level 7. HP: 37/52 MP: 8/8
  4553 | D:5      | Reached skill level 11 in Polearms
  5418 | D:5      | Found Xaboc's CLEARANCE SALE!.
  5426 | D:5      | Bought a potion of might for 16 gold pieces
  5426 | D:5      | Bought a scroll of identify for 8 gold pieces
  5426 | D:5      | Bought a +7 chain mail of ponderousness for 66 gold pieces
  6227 | D:6      | Reached skill level 12 in Polearms
  6227 | D:6      | Reached XP level 8. HP: 50/58 MP: 9/9
  6318 | D:6      | Reached skill level 13 in Polearms
  6596 | D:6      | Found an opulent altar of Gozag.
  6619 | D:6      | Noticed Menkaure
  6623 | D:6      | Killed Menkaure
  6624 | D:6      | Reached skill level 14 in Polearms
  7032 | D:6      | Found a runed translucent door.
  7033 | D:6      | Noticed Crazy Yiuf
  7040 | D:6      | Killed Crazy Yiuf
  7245 | D:6      | Noticed Sigmund
  7252 | D:6      | Killed Sigmund
  7253 | D:6      | Reached skill level 1 in Armour
  7253 | D:6      | Reached XP level 9. HP: 44/64 MP: 10/10
  8452 | D:7      | Noticed Maggie
  8467 | D:7      | Killed Maggie
  8468 | D:7      | Reached skill level 5 in Armour
  8556 | D:7      | Noticed Joseph
  8570 | D:7      | Killed Joseph
  8571 | D:7      | Reached XP level 10. HP: 65/70 MP: 11/11
  8671 | D:7      | Found a staircase to the Ecumenical Temple.
  8931 | D:7      | Found a snail-covered altar of Cheibriados.
  8931 | D:7      | Found a hazy altar of Hepliaklqana.
  9073 | D:8      | Reached skill level 1 in Dodging
  9343 | D:8      | Reached skill level 5 in Dodging
  9714 | D:8      | Found a blossoming altar of Fedhas.
  9878 | D:8      | Found a staircase to the Lair.
 10946 | D:9      | Reached XP level 11. HP: 75/75 MP: 12/12
 10958 | D:9      | Found a staircase to the Orcish Mines.
 10975 | D:9      | Reached skill level 10 in Dodging
 11301 | D:10     | Entered Level 10 of the Dungeon
 11402 | D:10     | Found a basalt altar of Yredelemnul.
 11546 | D:10     | Found an ornate altar of the Wu Jian Council.
 11796 | D:10     | Noticed Josephine
 12071 | Lair:1   | Entered Level 1 of the Lair of Beasts
 12137 | Lair:1   | Reached skill level 5 in Fighting
 12267 | Lair:1   | Reached skill level 10 in Fighting
 12267 | Lair:1   | Reached XP level 12. HP: 99/99 MP: 13/13
 12724 | Lair:1   | Reached XP level 13. HP: 91/109 MP: 14/14
 13065 | Lair:2   | Found a hole to the Spider Nest.
 13088 | Lair:2   | Reached skill level 1 in Throwing
 14301 | Lair:3   | Reached skill level 5 in Throwing
 14553 | Lair:3   | Found a gate leading to a gauntlet.
 14782 | Lair:3   | Found a staircase to the Shoals.
 16087 | Lair:4   | Found a staircase to the Slime Pits.
 16655 | Lair:5   | Entered Level 5 of the Lair of Beasts
 16995 | Lair:5   | Reached skill level 10 in Throwing
 17020 | Lair:5   | Mangled by a skyshark

Illustrated notes

Levels and vault maps discovered:
D:1:      amcnicky_arrival_underground_garden, layout_basic,
          shapermc_ecumenical_altar_mp_urbaneastern
D:2:      layout_basic, minmay_between
D:3:      layout_basic, lemuel_round_altar, st_stairs_10, corexii_hall_statues_t
D:4:      layout_loops_corners, mainiacjoe_overflow_alcove_4,
          minmay_strange_pillars
D:5:      layout_basic, nicolae_ossuary_entry_giza, dreamdust_mushroom_princess,
          nicolae_shop_clearance, uniq_eustachio
D:6:      layout_loops_ring, mainiacjoe_overflow_paths, uniq_crazy_yiuf_cottage,
          uniq_sigmund, uniq_menkaure
D:7:      layout_loops_ring, amethyst_overflow_temple_binary,
          minmay_temple_entry_stoned_glass, uniq_joseph, uniq_maggie
D:8:      layout_basic, fedhas_altar_2, grunt_lair_entry_orc_guard_hut
D:9:      layout_gridville, kennysheep_orc_monster_closet_entryway
D:10:     layout_roguey, nicolae_wu_jian_wuxing_cycle,
          nicolae_yredelemnul_corpse_copse, gammafunk_ghost_arena,
          dk_noncrumbling_3, uniq_josephine
Lair:1:   layout_regular_city, nicolae_lair_liquid_snakes
Lair:2:   layout_regular_city, spider_nest_entry_rubble
Lair:3:   layout_chaotic_city, minmay_shoals_entry_hut, gauntlet_entry_generic,
          minivault_24, grunt_megastairs_1
Lair:4:   layout_misc_corridors, slime_entry_1
Lair:5:   minmay_lair_end_frog_pond, layout_gridlike, serial_bayou_pond_e,
          chequers_serial_rivers_large_b

Skill      XL: |  1  2  3  4  5  6  7  8  9 10 11 12 13 |
---------------+----------------------------------------+-----
Polearms       | 5 6 8 10 12 14 | 14.5
Armour         | 1 6 7 |  7.5
Dodging        | 9 13 | 13.0
Fighting       | 10 12 | 12.7
Throwing       | 10 | 10.3
Spellcasting   | |  1.0
Fire Magic     | |  2.1

Action                     |  1- 3 |  4- 6 |  7- 9 | 10-12 | 13-15 || total
---------------------------+-------+-------+-------+-------+-------++-------
  Melee: Spear             |   196 |   123 |       |       |       ||   319
         Punch             |       |     3 |       |       |     1 ||     4
         Trident           |       |    48 |       |       |    14 ||    62
         Glaive            |       |     8 |   165 |   331 |   197 ||   701
  Throw: Dart              |       |    28 |    19 |    68 |    71 ||   186
         Boomerang         |       |       |       |       |    17 ||    17
         Throwing net      |       |       |       |       |     1 ||     1
 Invoke: Fiery Armour      |       |     4 |       |       |     2 ||     6
         Foxfire Swarm     |       |     1 |       |       |     1 ||     2
         Rising Flame      |       |     1 |       |       |       ||     1
  Evoke: Wand              |       |       |       |     1 |    12 ||    13
    Use: Scroll            |       |    12 |     4 |     9 |     7 ||    32
         Potion            |       |     3 |     2 |     1 |     3 ||     9
   Stab: Distracted        |       |       |       |       |     1 ||     1
 Armour: Robe              |    16 |       |       |       |       ||    16
         Ring mail         |    58 |    67 |     3 |       |       ||   128
         Chain mail        |       |       |    96 |   167 |   111 ||   374
         Skin              |       |       |     6 |       |       ||     6
  Dodge: Dodged            |   108 |    90 |    49 |   302 |   222 ||   771

Table legend: (Time is in decaauts)
 A = Elapsed time spent in this place.
 B = Non-inter-level travel time spent in this place.
 C = Inter-level travel time spent in this place.
 D = Time resting spent in this place.
 E = Time spent auto-exploring this place.
 F = Levels seen in this place.
 G = Mean time per level.
                   A        B        C        D        E       F      G
               +--------+--------+--------+--------+--------+-----+--------+
         Total |  17613 |  16492 |   1121 |   4503 |   8286 |  15 | 1174.2 |
       Dungeon |  12628 |  11967 |    661 |   3862 |   5389 |  10 | 1262.8 |
          Lair |   4985 |   4526 |    459 |    640 |   2896 |   5 |  997.0 |
               +--------+--------+--------+--------+--------+-----+--------+

Top non-repeatable levels by time:
     D:5: 2033 daAuts
     D:6: 1829 daAuts
     D:4: 1709 daAuts
  Lair:3: 1390 daAuts
     D:9: 1353 daAuts
     D:8: 1313 daAuts
  Lair:4: 1221 daAuts
     D:7: 1176 daAuts
  Lair:1: 1097 daAuts
  Lair:2: 1091 daAuts
     D:1: 917 daAuts
     D:3: 910 daAuts
    D:10: 748 daAuts
     D:2: 637 daAuts
  Lair:5: 184 daAuts
